 Dungeon Crawl Stone Soup version 0.31-a0-1096-g246cf01 (webtiles) character file.

Game seed: 17902078772380730578

527 PidgeyThePirate the Covert (level 7, -2/40 HPs)
             Began as a Kobold Brigand on Nov 29, 2023.
             Slain by a gnoll
             ... wielding a +0 flail
              (8 damage)
             ... on level 4 of the Dungeon.
             The game lasted 00:09:14 (3978 turns).

PidgeyThePirate the Covert (Kobold Brigand)         Turns: 3978, Time: 00:09:15

Health: -2/40      AC:  8    Str: 13    XL:     7   Next: 47%
Magic:  7/7        EV: 15    Int: 13    God:
Gold:   132        SH:  5    Dex: 16    Spells: 6/6 levels left

rFire   + . .        o - +2 dagger (flame)
rCold   + . .        (no shield)
rNeg    . . .        y - +0 leather armour "Foehies" {+Blink Str+3}
rPois   +            (no helmet)
rElec   +            f - +2 cloak
rCorr   +            x - +0 pair of gloves
SInv    .            t - +0 pair of boots
Will    .....        l - amulet of reflection
Stlth   +++++        r - ring of resist corrosion
HPRegen 0.26/turn    (no ring)
MPRegen 0.10/turn

%: reflection
@: resistant
A: small, no large weapons, nightstalker 3
a: Evoke Blink


You were on level 4 of the Dungeon.
You visited 1 branch of the dungeon, and saw 4 of its levels.

You collected 132 gold pieces.

Inventory:

Hand Weapons
 a - a +2 dagger
 o - a +2 dagger of flaming (weapon)
 A - a +0 rapier
Missiles
 d - 9 poisoned darts (quivered)
 e - 3 curare-tipped darts
Armour
 b - a +0 robe
 c - a +0 cloak
 f - a +2 cloak (worn)
 t - a +0 pair of boots (worn)
 v - a +0 leather armour
 x - a +0 pair of gloves (worn)
 y - the +0 leather armour "Foehies" (worn) {+Blink Str+3}
   (You found it on level 3 of the Dungeon)

   Str+3:     It affects your strength (+3).
   +Blink:    It lets you blink.
Jewellery
 l - an amulet of reflection (around neck)
 r - a ring of resist corrosion (left hand)
 E - an amulet of magic regeneration
Wands
 F - a wand of polymorph (14)
Scrolls
 j - a scroll of amnesia {unknown}
 p - 2 scrolls of identify
 u - a scroll of brand weapon {unknown}
 w - a scroll of poison {unknown}
 C - a scroll of summoning {unknown}
 D - a scroll of immolation {unknown}
Potions
 k - a potion of invisibility {unknown}
 m - a potion of brilliance {unknown}
 n - a potion of haste {unknown}
 q - a potion of magic {unknown}
 z - a potion of attraction {unknown}
 B - a potion of heal wounds {unknown}


   Skills:
 + Level 2.7 Fighting
 + Level 4.8 Short Blades
 + Level 2.5 Throwing
 + Level 0.8 Armour
 + Level 2.9 Dodging
 + Level 9.8 Stealth
 + Level 0.4 Shields


You had 6 spell levels left.
You didn't know any spells.
Your spell library was empty.

Dungeon Overview and Level Annotations

Branches:
Dungeon (4/15)
 Temple: D:4-7

Altars:
Kikubaaqudgha
Vehumet

Annotations:
D:4 1 transporter, Dega's ghost, novice OpSh


Innate Abilities, Weirdness & Mutations

You are small and have problems with some larger weapons.
You are completely attuned to the shadows.


Message History

The gnoll bouda barks out a call to the hunt!
The gnolls pick up the pace!
You block the gnoll's attack.
The gnoll sergeant hits you but does no damage.
The gnoll sergeant blocks your attack. The gnoll hits you but does no damage.
The gnoll sergeant hits you but does no damage.
You writhe in agony.
* * * LOW HITPOINT WARNING * * *
The gnoll sergeant blocks your attack. The gnoll hits you with a +0 flail!
* * * LOW HITPOINT WARNING * * *
The gnoll sergeant hits you but does no damage.
You closely miss the gnoll sergeant.
The gnoll bouda barks out a call to the hunt!
The gnoll hits you but does no damage. You block the gnoll sergeant's attack.
The gnoll sergeant blocks your attack.
You hit the gnoll sergeant but do no damage.
The gnoll bouda gazes fiercely through you!
You feel your attacks grow feeble.
The gnoll sergeant hits you but does no damage.
The gnoll hits you but does no damage. The gnoll sergeant blocks your attack.
The gnoll sergeant hits you but does no damage.
You writhe in agony.
* * * LOW HITPOINT WARNING * * *
The gnoll hits you but does no damage. Dega's ghost says, "They lied to you.
The Dungeon just goes down and down forever."
It was a potion of cancellation.
Your magical effects are unravelling.
You feel magically purged.
You feel less wooden.
Your +2 cloak unmelds from your body.
Your +0 pair of gloves unmelds from your body.
Your +0 pair of boots unmelds from your body.
The +0 leather armour "Foehies" {+Blink Str+3} unmelds from your body.
Your attacks no longer feel as feeble.
You block the gnoll sergeant's attack. The gnoll barely misses you.
It was a potion of resistance.
You feel protected. You block the gnoll sergeant's attack.
The gnoll hits you with a +0 flail!
You die...

...........≈≈≈≈≈≈≈≈~≈≈≈≈≈≈≈≈..#
...........≈≈####.....####≈≈..#
.....###...≈≈# .#8###8#gg#≈≈..#
.#....##...≈≈##. # ##≈≈..#
......#....≈≈#..gg .. .#≈≈..#
...##.###..≈≈###g##W##.###≈≈..#
#...#......≈≈..#W#...#.#..≈≈..#
##..##..#..≈≈.##g#...#.##.≈≈.##
...###..##.≈≈.#g@#.:.#..#.≈≈.#
#..##...##.≈≈.##.#####g##.≈≈.#
..)........≈≈..#)#8⌠8#.#.....#
..##.......~~.©#.'.©.'.#©....#
...#.....#.≈≈..#.#...#.#.....#
#.......#..≈≈.##.##.##.##.≈≈.#
##.........≈≈.#..#...#..#.≈≈.#
#..........≈≈.##.'...'g##.≈≈.##
##.........≈≈..#.# .#.#..≈≈..#


You could see a gnoll sergeant (swift), a gnoll bouda, Dega's ghost and 3
gnolls.

Vanquished Creatures
  Sigmund (D:2)
  A black bear (D:3)
  Crazy Yiuf (D:4)
  Natasha (thrice) (D:2)
  A statue (D:4)
  2 gnolls (D:4)
  5 adders
  2 dart slugs (D:1)
  An orc (D:4)
  9 endoplasms
  A giant cockroach (D:1)
  10 goblins
  4 hobgoblins
  8 kobolds
  5 quokkas
  4 ball pythons
  5 bats
  2 frilled lizards
  8 rats
73 creatures vanquished.

Notes
Turn   | Place    | Note
-------+----------+-------------------------------------------
     0 | D:1      | PidgeyThePirate the Kobold Brigand began the quest for the
                  | Orb.
     0 | D:1      | Reached XP level 1. HP: 12/12 MP: 1/1
   174 | D:1      | Reached XP level 2. HP: 17/17 MP: 2/2
   210 | D:1      | Reached skill level 6 in Stealth
   300 | D:1      | Reached XP level 3. HP: 21/21 MP: 3/3
   712 | D:2      | Noticed Sigmund
   713 | D:2      | Noticed Natasha
   739 | D:2      | Reached XP level 4. HP: 22/27 MP: 4/4
  1052 | D:2      | Killed Sigmund
  1053 | D:2      | Reached skill level 8 in Stealth
  1053 | D:2      | Reached XP level 5. HP: 28/31 MP: 5/5
  1053 | D:2      | Reached XP level 6. HP: 33/36 MP: 6/6
  1461 | D:2      | Killed Natasha
  1636 | D:2      | Noticed Natasha
  1651 | D:2      | Killed Natasha
  1834 | D:2      | Noticed Natasha
  1842 | D:2      | Killed Natasha
  1843 | D:2      | Reached skill level 9 in Stealth
  2045 | D:3      | Identified the +0 leather armour "Foehies" {+Blink Str+3}
  2665 | D:4      | Noticed a black bear
  2680 | D:3      | Killed a black bear
  2681 | D:3      | Reached XP level 7. HP: 23/40 MP: 7/7
  2934 | D:4      | Found a transporter.
  3031 | D:4      | Found an ancient bone altar of Kikubaaqudgha.
  3181 | D:4      | Found a radiant altar of Vehumet.
  3293 | D:4      | Found a runed translucent door.
  3296 | D:4      | Noticed Crazy Yiuf
  3309 | D:4      | Killed Crazy Yiuf
  3571 | D:4      | Identified the +8 spear "Liunib" {pain, Will+ Str-2 Dex+3}
  3636 | D:4      | Found a transporter.
  3960 | D:4      | Noticed Dega's ghost (novice OpSh)
  3978 | D:4      | Slain by a gnoll

Illustrated notes

Levels and vault maps discovered:
D:1:      sevenhm_arrival_forest_fort_small_3, layout_basic
D:2:      layout_loops_ring, item_on_display_a, uniq_sigmund, uniq_natasha
D:3:      layout_rooms, grunt_decor_junction, minivault_14, corexii_shack,
          grunt_ministairs_6, nicolae_figureground_pulse
D:4:      layout_cave_pools, mainiacjoe_overflow_tiny_flanked, vehumet_statue,
          serial_forest, infiniplex_forest_lined_room_2,
          infiniplex_forest_straight_2, infiniplex_forest_lined_room_2,
          infiniplex_forest_clump_cross, infiniplex_forest_clump_medium,
          gammafunk_ghost_gnarly_gnolls, uniq_crazy_yiuf_cottage

Skill      XL: |  1  2  3  4  5  6 |
---------------+-------------------+-----
Stealth        | 6 8 9 |  9.8
Short Blades   | 3 4 |  4.8
Dodging        | 2 |  2.9
Fighting       | |  2.7
Throwing       | |  2.5
Armour         | |  0.8
Shields        | |  0.4

Action                     |  1- 3 |  4- 6 |  7- 9 || total
---------------------------+-------+-------+-------++-------
  Melee: Dagger            |    60 |    92 |    41 ||   193
    Use: Scroll            |     3 |       |       ||     3
         Potion            |       |       |     6 ||     6
   Stab: Sleeping          |    21 |    12 |     9 ||    42
         Distracted        |       |       |     2 ||     2
 Armour: Robe              |    18 |    13 |       ||    31
         Leather armour    |       |    18 |     9 ||    27
         Skin              |       |       |    10 ||    10
  Dodge: Dodged            |    32 |    33 |    11 ||    76
  Block: Other             |     1 |    16 |    10 ||    27

Table legend: (Time is in decaauts)
 A = Elapsed time spent in this place.
 B = Non-inter-level travel time spent in this place.
 C = Inter-level travel time spent in this place.
 D = Time resting spent in this place.
 E = Time spent auto-exploring this place.
 F = Levels seen in this place.
 G = Mean time per level.
                   A        B        C        D        E       F      G
               +--------+--------+--------+--------+--------+-----+--------+
         Total |   3961 |   3771 |    190 |    100 |   2600 |   4 |  990.2 |
       Dungeon |   3961 |   3771 |    190 |    100 |   2600 |   4 |  990.2 |
               +--------+--------+--------+--------+--------+-----+--------+

Top non-repeatable levels by time:
     D:4: 1292 daAuts
     D:2: 1209 daAuts
     D:3: 820 daAuts
     D:1: 639 daAuts
